[Event "Seniors-LEM-50 Sachsen-Anhalt 2024"]
[Site "Magdeburg"]
[Date "2024.07.06"]
[Round "6.11"]
[White "Schroeder, Frank"]
[Black "Schiller, Dirk"]
[Result "1/2-1/2"]
[ECO "D04"]
[WhiteElo "1942"]
[BlackElo "1885"]
[Annotator "NA RC"]
[PlyCount "118"]
[EventDate "2024.06.25"]
[EventType "swiss"]
[EventCountry "GER"]
[SourceTitle "playchess.com"]
[Source "ChessBase"]
[SourceQuality "1"]
[TimeControl "40/5400+30:1800+30"]

1. d4 d5 2. Nf3 Nf6 3. e3 c6 4. Bd3 Nbd7 5. b3 e6 6. a3 {[%emt 0:00:53] D04: Colle System.} Be7 7. Bb2 O-O 8. O-O Ne4 9. Nbd2 f5 10. c4 Ndf6 11. Ne5 Qe8 12. f3 Ng5 13. Qe1 Nf7 14. f4 Nxe5 15. dxe5 Ng4 16. h3 Nh6 17. cxd5 exd5 18. b4 Be6 19. Rc1 a5 20. Nb3 axb4 21. axb4 Ra2 22. Rc2 Qd7 23. Nc5 Bxc5 24. bxc5 Rfa8 25. Bd4 g6 26. Rxa2 Rxa2 27. Qh4 Nf7 28. Qf6 Kf8 29. Qh4 Nd8 30. g4 Qe7 31. Qh6+ Kg8 $11 32. g5 Bc8 33. Qh4 Ne6 34. Qe1 Nxg5 35. Qg3 Ne4 36. Bxe4 dxe4 37. h4 Be6 38. Kh1 Bc4 39. Rf2 Rxf2 40. Qxf2 Kf7 41. Qg3 Be2 42. Qg5 Bc4 43. Qh6 Kg8 44. Qg5 Qxg5 45. hxg5 h5 46. gxh6 Kh7 47. Kh2 Kxh6 48. Kh3 g5 49. fxg5+ Kxg5 50. Kg3 Be6 51. Bc3 Kg6 52. Kf4 Kf7 53. Kg5 Bc8 54. Bd4 Ke6 55. Kf4 Kd5 56. Kg5 Be6 57. Kf4 Bc8 58. Kg5 Kc4 59. Kf4 Kd5 1/2-1/2

[Event "Seniors-LEM-50 Sachsen-Anhalt 2024"]
[Site "Magdeburg"]
[Date "2024.07.06"]
[Round "6.12"]
[White "Leib, Britta"]
[Black "Schomann, Michael"]
[Result "1-0"]
[ECO "B24"]
[WhiteElo "1920"]
[BlackElo "1777"]
[Annotator "NA RC"]
[PlyCount "57"]
[EventDate "2024.06.25"]
[EventType "swiss"]
[EventCountry "GER"]
[SourceTitle "playchess.com"]
[Source "ChessBase"]
[SourceQuality "1"]
[TimeControl "40/5400+30:1800+30"]

1. e4 c5 2. Nc3 d6 3. g3 Nf6 4. Bg2 Nc6 5. h3 e6 6. d3 Be7 7. Nge2 Qd7 8. O-O b6 9. d4 Bb7 $11 10. a3 cxd4 11. Nxd4 Rd8 12. Re1 O-O 13. Kh2 Nxd4 14. Qxd4 Qc6 15. Bg5 Rfe8 16. Bh1 Ng4+ 17. hxg4 Bxg5 18. Rad1 e5 19. Qd3 Qc5 20. Kg1 Re6 21. Bg2 Rf6 22. Rf1 Qc8 23. Nd5 Bxd5 24. Qxd5 Qxg4 25. Qb7 Rh6 26. Rd3 Qh5 27. Rfd1 Qe2 28. Qc7 Rf6 29. Qxd8# 1-0

[Event "Seniors-LEM-50 Sachsen-Anhalt 2024"]
[Site "Magdeburg"]
[Date "2024.07.06"]
[Round "6.13"]
[White "Scheunemann, Uwe"]
[Black "Wahrenberg, Ralf"]
[Result "1/2-1/2"]
[ECO "C55"]
[WhiteElo "1764"]
[BlackElo "1873"]
[Annotator "NA RC"]
[PlyCount "73"]
[EventDate "2024.06.25"]
[EventType "swiss"]
[EventCountry "GER"]
[SourceTitle "playchess.com"]
[Source "ChessBase"]
[SourceQuality "1"]
[TimeControl "40/5400+30:1800+30"]

1. e4 e5 2. Nf3 Nc6 3. Nc3 Nf6 4. Bc4 Nxe4 5. Bxf7+ Kxf7 6. Nxe4 d5 7. Nc3 e4 8. Ng1 h5 9. d3 Bg4 10. Qd2 Bb4 11. a3 Ba5 12. b4 Bb6 13. dxe4 dxe4 14. Qf4+ Qf6 15. Nge2 Rhe8 16. O-O Kg8 17. Qxf6 gxf6 18. h3 Bxe2 19. Nxe2 Nd4 20. Nxd4 Bxd4 21. Rb1 Kf7 22. c4 Rad8 23. Bf4 Be5 24. Bxe5 Rxe5 25. Rbd1 Rxd1 26. Rxd1 Ke7 27. Kf1 f5 28. g3 b6 29. Ke2 h4 30. Ke3 hxg3 31. fxg3 Kf6 32. h4 Re7 33. b5 Rg7 34. Rg1 Ke5 35. Rg2 Rg4 36. a4 Rg7 37. Rg1 1/2-1/2

[Event "Seniors-LEM-50 Sachsen-Anhalt 2024"]
[Site "Magdeburg"]
[Date "2024.07.06"]
[Round "6.15"]
[White "Bachmann, Sylvia"]
[Black "Remstedt, Ute"]
[Result "1-0"]
[ECO "C55"]
[WhiteElo "1768"]
[BlackElo "1710"]
[Annotator "NA RC"]
[PlyCount "65"]
[EventDate "2024.06.25"]
[EventType "swiss"]
[EventCountry "GER"]
[SourceTitle "playchess.com"]
[Source "ChessBase"]
[SourceQuality "1"]
[TimeControl "40/5400+30:1800+30"]

1. e4 e5 2. Nf3 Nc6 3. Bc4 Nf6 4. d3 h6 5. c3 d6 6. h3 Bd7 7. O-O Ne7 8. Qb3 Be6 9. Bxe6 fxe6 10. Qxe6 Qd7 11. Qxd7+ Nxd7 12. d4 exd4 13. cxd4 O-O-O 14. Nc3 a6 15. Be3 g5 16. Rfd1 Bg7 17. Rac1 Kb8 18. d5 Rhf8 19. Bd4 Bf6 20. Bxf6 Rxf6 21. Nd4 Ne5 22. f3 h5 23. Ne6 Rg8 24. Ne2 g4 25. fxg4 hxg4 26. N2f4 gxh3 27. Nxh3 Rh6 28. Rc3 Rg4 29. Nf2 Rgg6 30. Rh3 Rxh3 31. Nxh3 c6 32. Nhf4 Rg4 33. dxc6 1-0

[Event "Seniors-LEM-50 Sachsen-Anhalt 2024"]
[Site "Magdeburg"]
[Date "2024.07.06"]
[Round "6.16"]
[White "Gaul, Karl-Heinz"]
[Black "Giesenberg, Angela"]
[Result "0-1"]
[ECO "E70"]
[WhiteElo "1684"]
[BlackElo "1827"]
[Annotator "NA RC"]
[PlyCount "72"]
[EventDate "2024.06.25"]
[EventType "swiss"]
[EventCountry "GER"]
[SourceTitle "playchess.com"]
[Source "ChessBase"]
[SourceQuality "1"]
[TimeControl "40/5400+30:1800+30"]

1. d4 Nf6 2. c4 d6 3. Nc3 g6 4. e4 Bg7 5. Bg5 h6 6. Bh4 O-O 7. Nh3 c5 8. d5 a6 9. Qd2 Bd7 10. f3 Ne8 11. g4 g5 12. Bg3 Nc7 13. Be2 b5 14. O-O bxc4 15. Bxc4 Nb5 16. Nxb5 Bxb5 17. Bxb5 axb5 18. f4 f6 19. fxg5 fxg5 20. Rxf8+ Kxf8 21. Rf1+ Kg8 22. Qf2 Bd4 23. e5 Bxf2+ 24. Bxf2 Nd7 25. exd6 exd6 26. Bg3 Ne5 27. Nf2 Qd7 28. h3 Rf8 29. Rc1 Rf3 30. Ne4 Rxg3+ 31. Nxg3 c4 32. Kg2 Qf7 33. Rc3 Qxd5+ 34. Kf2 Nd3+ 35. Ke3 Qe5+ 36. Ne4 d5 0-1

[Event "Seniors-LEM-50 Sachsen-Anhalt 2024"]
[Site "Magdeburg"]
[Date "2024.07.07"]
[Round "7.3"]
[White "Dannhauer, Frank"]
[Black "Ackermann, Robert"]
[Result "0-1"]
[ECO "C56"]
[WhiteElo "1921"]
[BlackElo "2041"]
[Annotator "RC"]
[PlyCount "74"]
[EventDate "2024.06.25"]
[EventType "swiss"]
[EventCountry "GER"]
[SourceTitle "playchess.com"]
[Source "ChessBase"]
[SourceQuality "1"]
[TimeControl "40/5400+30:1800+30"]

1. e4 e5 2. Nf3 Nc6 3. d4 exd4 4. Bc4 Nf6 5. e5 d5 6. Bb5 Ne4 7. Nxd4 Bd7 8. Bxc6 bxc6 9. O-O Bc5 10. Be3 O-O 11. f3 Ng5 12. Qd2 Ne6 13. f4 Nxd4 14. Bxd4 Bxd4+ 15. Qxd4 Bf5 16. Qc5 Qb8 17. Qxc6 Qxb2 18. Qc3 Qb6+ 19. Kh1 c5 20. Nd2 Rac8 21. Nf3 Rfd8 22. Nh4 Be4 23. f5 Qh6 24. Qg3 Bxc2 25. f6 Re8 26. Nf5 Bxf5 27. Rxf5 g6 28. Re1 Re6 29. Rf4 Qh5 30. Rh4 Qf5 31. Rf4 Qh5 32. Rh4 Qf5 33. Rf4 Qc2 34. Qg5 Qd2 35. Ref1 Kh8 36. Qh6 Rg8 37. R1f2 Rxe5 0-1

[Event "Seniors-LEM-50 Sachsen-Anhalt 2024"]
[Site "Magdeburg"]
[Date "2024.07.07"]
[Round "7.4"]
[White "Mitschka, Manfred"]
[Black "Fabregas, Oliver"]
[Result "1/2-1/2"]
[ECO "E16"]
[WhiteElo "1863"]
[BlackElo "1876"]
[Annotator "NA RC"]
[PlyCount "84"]
[EventDate "2024.06.25"]
[EventType "swiss"]
[EventCountry "GER"]
[SourceTitle "playchess.com"]
[Source "ChessBase"]
[SourceQuality "1"]
[TimeControl "40/5400+30:1800+30"]

1. d4 Nf6 2. c4 e6 3. Nf3 Bb4+ 4. Bd2 Qe7 5. Nc3 b6 6. g3 Bb7 7. Bg2 O-O 8. O-O d6 9. Qc2 Nbd7 10. a3 Bxc3 11. Bxc3 c5 12. Rfd1 Rfd8 13. Rac1 Rac8 14. dxc5 dxc5 15. b3 Nf8 16. Rxd8 Rxd8 17. Rd1 Ng6 18. Rxd8+ Qxd8 19. Qd2 Qxd2 20. Nxd2 Bxg2 21. Kxg2 Ne8 22. Kf3 Kf8 23. h4 Ke7 24. h5 Nf8 25. b4 Nd7 26. Ne4 f6 27. g4 Nd6 28. Nxd6 Kxd6 29. Ke4 Ke7 30. f4 Kd6 31. b5 g6 32. hxg6 hxg6 33. f5 gxf5+ 34. gxf5 Ke7 35. fxe6 Kxe6 36. e3 f5+ 37. Kf4 Nf8 38. e4 fxe4 39. Kxe4 Ng6 40. a4 Kd7 41. Kf5 Ne7+ 42. Kf6 Ng8+ 1/2-1/2

[Event "Seniors-LEM-50 Sachsen-Anhalt 2024"]
[Site "Magdeburg"]
[Date "2024.07.07"]
[Round "7.5"]
[White "Anderberg, Peter"]
[Black "Puschendorf, Steffen"]
[Result "0-1"]
[ECO "D48"]
[WhiteElo "1909"]
[BlackElo "2067"]
[Annotator "RC"]
[PlyCount "22"]
[EventDate "2024.06.25"]
[EventType "swiss"]
[EventCountry "GER"]
[SourceTitle "playchess.com"]
[Source "ChessBase"]
[SourceQuality "1"]
[TimeControl "40/5400+30:1800+30"]

1. d4 d5 2. c4 e6 3. Nc3 c6 4. e3 Nf6 5. Nf3 Nbd7 6. Bd3 dxc4 7. Bxc4 b5 8. Bd3 a6 9. O-O c5 10. dxc5 Nxc5 11. Be2 Qc7 0-1

[Event "Seniors-LEM-50 Sachsen-Anhalt 2024"]
[Site "Magdeburg"]
[Date "2024.07.07"]
[Round "7.6"]
[White "Buciu, Aurel-John"]
[Black "Frankenberger, Ralf"]
[Result "1/2-1/2"]
[ECO "D02"]
[WhiteElo "1807"]
[BlackElo "1939"]
[Annotator "RC"]
[PlyCount "21"]
[EventDate "2024.06.25"]
[EventType "swiss"]
[EventCountry "GER"]
[SourceTitle "playchess.com"]
[Source "ChessBase"]
[SourceQuality "1"]
[TimeControl "40/5400+30:1800+30"]

1. d4 d5 2. Bf4 Nf6 3. Nf3 e6 4. e3 Bd6 5. Bg5 Nbd7 6. Bd3 c5 7. c3 Qc7 8. Nbd2 h6 9. Bh4 O-O 10. O-O cxd4 11. exd4 1/2-1/2

[Event "Seniors-LEM-50 Sachsen-Anhalt 2024"]
[Site "Magdeburg"]
[Date "2024.07.07"]
[Round "7.7"]
[White "Ahrens, Gunnar"]
[Black "Weitz, Andreas"]
[Result "1/2-1/2"]
[ECO "A03"]
[WhiteElo "1750"]
[BlackElo "1936"]
[Annotator "RC"]
[PlyCount "51"]
[EventDate "2024.06.25"]
[EventType "swiss"]
[EventCountry "GER"]
[SourceTitle "playchess.com"]
[Source "ChessBase"]
[SourceQuality "1"]
[TimeControl "40/5400+30:1800+30"]

1. f4 d5 2. Nf3 c5 3. e3 a6 4. b3 Nc6 5. Bb2 Nf6 6. Be2 e6 7. O-O Be7 8. c3 O-O 9. Ne5 Qc7 10. d4 Ne4 11. Nd2 f6 12. Nxc6 Qxc6 13. Bd3 Nxd2 14. Qxd2 b5 15. Rac1 c4 16. Bb1 f5 17. Rf3 g6 18. Qe1 Rf7 19. h4 Rg7 20. Rh3 h5 21. g3 Bf8 22. Rh2 Rb8 23. b4 a5 24. a3 Ra7 25. Re2 Bg7 26. Qd2 1/2-1/2

[Event "Seniors-LEM-50 Sachsen-Anhalt 2024"]
[Site "Magdeburg"]
[Date "2024.07.07"]
[Round "7.8"]
[White "Leib, Britta"]
[Black "Schroeder, Frank"]
[Result "1/2-1/2"]
[ECO "B01"]
[WhiteElo "1920"]
[BlackElo "1942"]
[Annotator "RC"]
[PlyCount "61"]
[EventDate "2024.06.25"]
[EventType "swiss"]
[EventCountry "GER"]
[SourceTitle "playchess.com"]
[Source "ChessBase"]
[SourceQuality "1"]
[TimeControl "40/5400+30:1800+30"]

1. e4 d5 2. exd5 Qxd5 3. Nc3 Qd8 4. d4 Nf6 5. Bc4 a6 6. Nf3 b5 7. Bb3 c5 8. dxc5 Qxd1+ 9. Nxd1 e6 10. O-O Bxc5 11. Ne5 Bb7 12. Nd3 Bb6 13. Be3 Nbd7 14. a4 O-O 15. Bxb6 Nxb6 16. axb5 axb5 17. Nc3 Bc6 18. Ne5 Bd5 19. Bxd5 Nbxd5 20. Nxb5 Rab8 21. c4 Nb6 22. b3 Ne4 23. Rfb1 f6 24. Nc6 Rb7 25. Rd1 Nc5 26. Na5 Rbb8 27. Rd6 Nxb3 28. Nxb3 Nxc4 29. Rxe6 Rxb5 30. Nd4 Rd5 31. Nf3 1/2-1/2

[Event "Seniors-LEM-50 Sachsen-Anhalt 2024"]
[Site "Magdeburg"]
[Date "2024.07.07"]
[Round "7.9"]
[White "Hencke, Heiko"]
[Black "Janeke, Thomas"]
[Result "1/2-1/2"]
[ECO "B01"]
[WhiteElo "1855"]
[BlackElo "1764"]
[Annotator "NA RC"]
[PlyCount "41"]
[EventDate "2024.06.25"]
[EventType "swiss"]
[EventCountry "GER"]
[SourceTitle "playchess.com"]
[Source "ChessBase"]
[SourceQuality "1"]
[TimeControl "40/5400+30:1800+30"]

1. e4 d5 2. exd5 Qxd5 3. Nc3 Qa5 4. d4 Nf6 5. Bd2 c6 6. Bc4 Bf5 7. Nd5 Qd8 8. Nxf6+ exf6 9. Nf3 Bd6 10. O-O O-O 11. Re1 Bg4 12. Re3 Nd7 13. h3 Bxf3 14. Qxf3 Nb6 15. Bb3 Re8 16. Rae1 Qd7 17. Qh5 Rxe3 18. Rxe3 Re8 19. Qe2 Rxe3 20. Qxe3 Qe7 21. Qxe7 1/2-1/2

[Event "Seniors-LEM-50 Sachsen-Anhalt 2024"]
[Site "Magdeburg"]
[Date "2024.07.07"]
[Round "7.10"]
[White "Richter, Juergen"]
[Black "Gaertig, Johannes"]
[Result "1/2-1/2"]
[ECO "E20"]
[WhiteElo "1841"]
[BlackElo "1687"]
[Annotator "NA RC"]
[PlyCount "45"]
[EventDate "2024.06.25"]
[EventType "swiss"]
[EventCountry "GER"]
[SourceTitle "playchess.com"]
[Source "ChessBase"]
[SourceQuality "1"]
[TimeControl "40/5400+30:1800+30"]

1. c4 Nf6 2. Nc3 c6 3. d4 e6 4. e4 Bb4 5. Qc2 d5 6. e5 Ne4 7. f3 Bxc3+ 8. bxc3 Qh4+ 9. g3 Nxg3 10. Qf2 Nf5 11. Qxh4 Nxh4 12. c5 O-O 13. Bg5 Nf5 14. Rb1 Nd7 15. a4 b6 16. Bd3 Re8 17. Ne2 bxc5 18. Kd2 h6 19. Bf4 c4 20. Bc2 Nh4 21. Rhf1 Nf8 22. Bg3 Nf5 23. Bf2 1/2-1/2

[Event "Seniors-LEM-50 Sachsen-Anhalt 2024"]
[Site "Magdeburg"]
[Date "2024.07.07"]
[Round "7.11"]
[White "Schiller, Dirk"]
[Black "Schoknecht, Sabine"]
[Result "1/2-1/2"]
[ECO "B06"]
[WhiteElo "1885"]
[BlackElo "1836"]
[Annotator "NA RC"]
[PlyCount "75"]
[EventDate "2024.06.25"]
[EventType "swiss"]
[EventCountry "GER"]
[SourceTitle "playchess.com"]
[Source "ChessBase"]
[SourceQuality "1"]
[TimeControl "40/5400+30:1800+30"]

1. e4 g6 2. d4 Bg7 3. c3 d6 4. Be3 Nf6 5. Nd2 Nc6 6. Ngf3 Ng4 7. Bf4 h6 8. h3 g5 9. Bg3 Nf6 10. d5 Nb8 11. Nd4 Bd7 12. Bc4 c5 13. dxc6 Nxc6 14. Nf5 O-O 15. Qf3 Ne5 16. Bxe5 dxe5 17. O-O-O e6 18. Nxg7 Kxg7 19. g4 Qc7 20. h4 Bc6 21. Bd3 Rad8 22. Qe2 a6 23. f3 b5 24. hxg5 hxg5 25. Rh2 Rh8 26. Rxh8 Rxh8 27. Qe3 Kg6 28. Kb1 Qd8 29. Nf1 Rh3 30. Be2 Qa8 31. Qf2 Qb8 32. Qg2 Rh8 33. Ng3 Qb7 34. Bd3 Qb6 35. Bc2 a5 36. Rg1 Qc5 37. Nf5 Qa7 38. Ng3 1/2-1/2

[Event "Seniors-LEM-50 Sachsen-Anhalt 2024"]
[Site "Magdeburg"]
[Date "2024.07.07"]
[Round "7.12"]
[White "Wahrenberg, Ralf"]
[Black "Bachmann, Sylvia"]
[Result "1-0"]
[ECO "E95"]
[WhiteElo "1873"]
[BlackElo "1768"]
[Annotator "NA RC"]
[PlyCount "81"]
[EventDate "2024.06.25"]
[EventType "swiss"]
[EventCountry "GER"]
[SourceTitle "playchess.com"]
[Source "ChessBase"]
[SourceQuality "1"]
[TimeControl "40/5400+30:1800+30"]

1. d4 Nf6 2. Nf3 g6 3. c4 d6 4. Nc3 Bg7 5. e4 O-O 6. Be2 e5 7. O-O Nbd7 8. Re1 b6 9. d5 h6 10. Bf1 Ne8 11. Nd2 f5 12. f3 f4 13. b4 Qg5 14. Nb3 h5 15. Qe2 h4 16. h3 Ndf6 17. Kh1 Nh5 18. Qd3 Nef6 19. Bd2 Qg3 20. Rec1 Qg5 21. c5 bxc5 22. bxc5 a5 23. a4 Ng3+ 24. Kg1 Bxh3 25. Be1 Bd7 26. Bxg3 hxg3 27. Qd1 Qh4 28. Bb5 Qh2+ 29. Kf1 Qh1+ 30. Ke2 Qxg2+ 31. Kd3 Kf7 32. cxd6 cxd6 33. Rc2 Qh3 34. Bxd7 Qxd7 35. Nb5 Rfc8 36. Rac1 Ne8 37. Rxc8 Rxc8 38. Nxa5 Rc5 39. Nc6 Bf8 40. Rxc5 dxc5 41. Nxe5+ 1-0

[Event "Seniors-LEM-50 Sachsen-Anhalt 2024"]
[Site "Magdeburg"]
[Date "2024.07.07"]
[Round "7.14"]
[White "Giesenberg, Angela"]
[Black "Langner, Hans-Rainer"]
[Result "1-0"]
[ECO "A07"]
[WhiteElo "1827"]
[BlackElo "1730"]
[Annotator "NA RC"]
[PlyCount "87"]
[EventDate "2024.06.25"]
[EventType "swiss"]
[EventCountry "GER"]
[SourceTitle "playchess.com"]
[Source "ChessBase"]
[SourceQuality "1"]
[TimeControl "40/5400+30:1800+30"]

1. Nf3 d5 2. d3 Nc6 3. g3 e5 4. Nc3 Be6 5. Bg2 Bb4 6. Bd2 d4 7. Ne4 Bxd2+ 8. Qxd2 Nf6 9. Nc5 Qc8 10. O-O Bh3 11. Qg5 Bxg2 12. Kxg2 Qg4 13. Qxg4 Nxg4 14. h3 Nf6 15. e3 dxe3 16. fxe3 b6 17. Nb3 Nd5 18. Rae1 Ndb4 19. c3 Nxd3 20. Re2 Rd8 21. Rd2 f6 22. e4 Ke7 23. Nh4 g6 24. Kg1 a5 25. a4 Rd6 26. Ng2 Nb8 27. Ne3 Na6 28. Nd5+ Kf7 29. Rxd3 c6 30. Nb4 Rxd3 31. Nxd3 Rd8 32. Rf3 Ke6 33. g4 h6 34. Nd2 c5 35. Nc4 Rb8 36. Ne3 b5 37. axb5 Rxb5 38. Nd5 f5 39. gxf5+ gxf5 40. Rxf5 c4 41. Rf6+ Kd7 42. Nxe5+ Ke8 43. Rxa6 Rb8 44. Rxh6 1-0

[Event "Seniors-LEM-50 Sachsen-Anhalt 2024"]
[Site "Magdeburg"]
[Date "2024.07.07"]
[Round "7.15"]
[White "Meffert, Claudia"]
[Black "Scheunemann, Uwe"]
[Result "1/2-1/2"]
[ECO "A18"]
[WhiteElo "1811"]
[BlackElo "1764"]
[Annotator "NA RC"]
[PlyCount "55"]
[EventDate "2024.06.25"]
[EventType "swiss"]
[EventCountry "GER"]
[SourceTitle "playchess.com"]
[Source "ChessBase"]
[SourceQuality "1"]
[TimeControl "40/5400+30:1800+30"]

1. d4 Nf6 2. c4 e6 3. Nc3 c6 4. e4 d6 5. Bd3 e5 6. d5 Be7 7. Nge2 O-O 8. O-O Nbd7 9. Ng3 Re8 10. Nf5 Bf8 11. Qf3 Nc5 12. Bc2 Bxf5 13. Qxf5 Qc8 14. Qg5 Qg4 15. Qxg4 Nxg4 16. f3 Nf6 17. Be3 Ncd7 18. Rfd1 c5 19. h3 a6 20. Ne2 b5 21. b3 Nb6 22. cxb5 axb5 23. Nc3 b4 24. Nb5 Rec8 25. a4 bxa3 26. Nxa3 Nfd7 27. Bd3 Be7 28. Rdc1 1/2-1/2

[Event "Seniors-LEM-50 Sachsen-Anhalt 2024"]
[Site "Magdeburg"]
[Date "2024.07.07"]
[Round "7.16"]
[White "Schomann, Michael"]
[Black "Remstedt, Ute"]
[Result "1-0"]
[ECO "E33"]
[WhiteElo "1777"]
[BlackElo "1710"]
[Annotator "NA RC"]
[PlyCount "53"]
[EventDate "2024.06.25"]
[EventType "swiss"]
[EventCountry "GER"]
[SourceTitle "playchess.com"]
[Source "ChessBase"]
[SourceQuality "1"]
[TimeControl "40/5400+30:1800+30"]

1. d4 d5 2. c4 e6 3. Nc3 Bb4 4. Bd2 Nc6 5. e3 Nf6 6. Nf3 O-O 7. Bd3 a6 8. O-O Re8 9. Qc2 h6 10. Rac1 Bxc3 11. Bxc3 b6 12. h3 Bb7 13. Ne5 Nxe5 14. dxe5 Nd7 15. Rcd1 Qe7 16. b4 Rac8 17. f4 c5 18. a3 Red8 19. Be2 Nf8 20. Qb2 Qc7 21. bxc5 Qxc5 22. Bd4 Qc6 23. Bxb6 Rd7 24. cxd5 Rxd5 25. Bf3 Nd7 26. Bxd5 exd5 27. Bd4 1-0